Map: Incorporeal LE

Players

Sindyr - Winner!

  • Race: Zerg Zerg
  • League: Master
  • Spawn Location: 5:00

Dirzfun

  • Race: Protoss Protoss
  • Spawn Location: 11:00

VOD

Have the link to the VOD?

Description

Time

  • Played on: Sept. 19, 2025, 9:20 a.m.
  • Length: 14:02
Show
View Real Time Build Order
Export as new Build Order

Sindyr Zerg - Winner!

Build Orders: Hatch First 

Get SALT Encoding   

  12  0:01  Drone  
  13  0:10  Drone  
  14  0:26  Overlord  
  14  0:44  Drone x2  
  16  0:54  Drone  
  16  0:57  Hatchery  
  16  0:58  Extractor  
  15  1:04  Drone  
  15  1:07  Drone  
  17  1:19  Spawning Pool  
  17  1:22  Drone  
  17  1:28  Drone  
  18  1:39  Drone  
  19  1:53  Overlord  
  19  2:10  Queen x2  
  19  2:12  Metabolic Boost  
  23  2:17  Drone x2  
  23  2:18  Drone  
  26  2:25  Overlord  
  26  2:46  Queen  
  26  2:48  Roach Warren  
  27  2:53  Lair  
  28  2:58  Drone x2  
  28  3:02  Drone  
  28  3:04  Drone  
  31  3:07  Drone  
  31  3:12  Extractor  
  31  3:37  Drone x4  
  36  4:02  Drone  
  36  4:03  Drone x3  
  36  4:04  Baneling Nest  
  36  4:09  Overlord  
  38  4:10  Overlord  
  38  4:20  Zergling x12  
  44  4:41  Zergling x16  
  50  5:16  Glial Reconstitution  
  50  5:21  Evolution Chamber  
  49  5:25  Drone x3  
  49  5:26  Drone x4  
  56  5:32  Hatchery  
  55  5:37  Drone  
  55  5:38  Drone  
  57  5:43  Extractor  
  57  5:44  Extractor  
  55  5:55  Zerg Missile Weapons Level 1  
  55  5:57  Centrifugal Hooks  
  55  6:12  Drone x2  
  55  6:13  Drone  
  58  6:46  Overlord x3  
  58  6:53  Queen  
  60  7:19  Spore Crawler  
  59  7:25  Spore Crawler  
  59  7:26  Drone x3  
  59  7:27  Drone x17  
  59  7:29  Overlord x2  
  78  7:35  Hydralisk Den  
  77  7:40  Evolution Chamber  
  76  7:48  Extractor  
  76  7:49  Extractor  
  74  7:56  Spine Crawler  
  73  7:58  Spine Crawler  
  73  7:59  Drone  
  73  8:00  Drone x2  
  73  8:02  Spine Crawler  
  73  8:04  Spine Crawler  
  73  8:24  Zerg Missile Weapons Level 2  
  73  8:25  Zerg Ground Armor Level 1  
  73  8:35  Overseer  
  73  9:11  Muscular Augments  
  73  9:24  Hatchery  
  72  9:38  Hydralisk  
  72  9:39  Hydralisk x3, Roach x2, Zergling x4  
  72  9:40  Hydralisk x2, Zergling x10, Roach x4  
  72  9:41  Roach  
  105  9:45  Overlord  
  105  9:46  Overlord x6  
  105  9:47  Overlord  
  105  10:15  Grooved Spines  
  105  10:32  Zerg Ground Armor Level 2  
  105  10:38  Infestation Pit  
  105  10:41  Zerg Melee Weapons Level 1  
  104  10:50  Queen  
  104  10:52  Drone x9  
  104  10:53  Drone x5  
  104  10:54  Drone x3  
  104  10:55  Drone  
  124  11:20  Extractor  
  124  11:21  Extractor  
  122  11:31  Hydralisk  
  122  11:32  Hydralisk x15  
  140  11:33  Hydralisk x2  
  140  11:37  Hive  
  132  13:21  Hydralisk  
  132  13:22  Hydralisk x16  
  132  13:25  Hydralisk x3  
  132  13:26  Hydralisk x2  
  157  13:28  Zergling x2  
Show
View Real Time Build Order
Export as new Build Order

Dirzfun Protoss 

Build Orders:  

Get SALT Encoding   

  12  0:12  Assimilator  
  12  0:16  Assimilator  
  12  0:26  Probe  
  13  0:41  Pylon  
  13  1:12  Gateway  
  13  1:13  Gateway  
  13  1:20  Forge  
  13  1:22  Probe  
  14  1:30  Probe  
  15  1:54  Pylon  
  15  2:04  Zealot  
  15  2:05  Zealot  
  19  2:16  Cybernetics Core  
  19  2:23  Protoss Ground Weapons Level 1  
  19  2:30  Probe  
  20  2:38  Probe  
  21  3:01  Photon Cannon  
  21  3:08  Warp Gate  
  21  3:12  Shield Battery  
  21  3:23  Stalker  
  21  3:24  Stalker  
  25  4:08  Stalker  
  25  4:09  Stalker  
  29  4:24  Protoss Ground Armor Level 1  
  29  4:38  Sentry  
  29  4:42  Nexus  
  31  4:55  Pylon  
  30  5:10  Photon Cannon  
  30  5:25  Photon Cannon  
  30  5:36  Shield Battery  
  30  5:55  Stalker x2  
  34  6:04  Probe  
  35  6:12  Probe  
  36  6:21  Probe  
  37  6:28  Pylon  
  37  6:32  Protoss Air Weapons Level 1  
  37  6:33  Probe  
  38  6:46  Probe  
  39  7:02  Stargate  
  39  7:06  Stargate  
  39  7:15  Stalker x2  
  43  7:30  Assimilator  
  43  7:37  Assimilator  
  43  7:54  Photon Cannon  
  43  7:56  Probe  
  43  8:04  Probe  
  44  8:05  Void Ray  
  44  8:06  Void Ray  
  53  8:13  Probe  
  54  8:25  Probe  
  55  8:31  Fleet Beacon  
  55  8:37  Probe  
  56  8:54  Protoss Air Armor Level 1  
  56  9:08  Probe  
  56  9:16  Probe  
  57  9:19  Stalker  
  57  9:20  Stalker  
  62  9:26  Flux Vanes  
  62  9:39  Pylon  
  62  9:43  Pylon  
  62  9:45  Pylon  
  62  9:46  Pylon  
  62  9:49  Pylon  
  62  9:51  Pylon  
  62  9:54  Probe  
  63  10:02  Probe  
  64  10:11  Probe, Stalker  
  64  10:12  Stalker  
  68  10:20  Probe  
  70  10:28  Probe  
  71  10:37  Probe  
  72  10:45  Carrier  
  78  10:51  Carrier  
  84  11:05  Protoss Air Weapons Level 2  
  84  11:57  Carrier  
  90  12:01  Carrier  
  96  13:01  Phoenix  
  52  13:51  Unknown  
  52  13:52  Stalker  
  52  13:54  Stalker  
Tags
 
League
Master
Matchup
PvZ
Replay Pack
Multiplayer
Spawn Locations
Cross Positions
Add a new tag
Caveats
  • Supply blocks, unpowered buildings, or Contaminate may cause inaccurate times.
  • Supply counts are checked every 10 seconds.